SA
LEVITTOWN BLUE DRAGONS @ LAREDO HAWKS
09/11/2042
 
TOP OF THE 1ST
Levittown Blue Dragons batting - Pitching for Laredo Hawks : RHP Dan Carter
Pitching: RHP Dan Carter
Batting: RHB An-yi Zhou 0-0: Called Strike
0-1: Ball
1-1: Ball
2-1: Ball
3-1: Foul Ball, location: 2F
3-2: SOLO HOME RUN (Flyball, 78XD, EV 93.1 MPH), Distance : 423 ft
Batting: LHB Ernesto Valenzuela 0-0: Called Strike
0-1: Called Strike
0-2: Foul Ball, location: 2F
0-2: Strikes out looking
Batting: LHB Josh Hall 0-0: Called Strike
0-1: Ball
1-1: Foul Ball, location: 2F
1-2: Ball
2-2: Ball
3-2: Strikes out looking
Batting: LHB Rafael Soto 0-0: Foul Ball, location: 2F
0-1: Ball
1-1: Ground out 4-3 (Groundball, 4, EV 80.6 MPH)
Top of the 1st over - 1 run, 1 hit, 0 errors, 0 left on base; Levittown 1 - Laredo 0
BOTTOM OF THE 1ST
Laredo Hawks batting - Pitching for Levittown Blue Dragons : RHP César Cruz
Pitching: RHP César Cruz
Batting: RHB Victor Jensen 0-0: Foul Ball, location: 2F
0-1: Ground out 5-3 (Groundball, 56S, EV 68.1 MPH)
Batting: RHB António Orozco 0-0: Called Strike
0-1: Fly out, F8 (Flyball, 8RS, EV 77.5 MPH)
Batting: RHB Woody Maxwell 0-0: Called Strike
0-1: Ball
1-1: Ball
2-1: Swinging Strike
2-2: Foul Ball, location: 2F
2-2: Ground out 1-3 (Groundball, 13, EV 66.9 MPH)
Bottom of the 1st over - 0 runs, 0 hits, 0 errors, 0 left on base; Levittown 1 - Laredo 0
TOP OF THE 2ND
Levittown Blue Dragons batting - Pitching for Laredo Hawks : RHP Dan Carter
Batting: RHB Aaron Attyte 0-0: Ball
1-0: Called Strike
1-1: Called Strike
1-2: Ball
2-2: Strikes out swinging
Batting: LHB Norm Williams 0-0: Ball
1-0: Foul Ball, location: 2F
1-1: Called Strike
1-2: Fly out, F6 (Line Drive, 6, EV 71.2 MPH)
Batting: RHB Abednego Ashpenaz 0-0: Called Strike
0-1: Foul Ball, location: 2F
0-2: Ball
1-2: Ball
2-2: SINGLE (Groundball, 34D, EV 98.8 MPH)
Batting: SHB Daniel Washington 0-0: Called Strike
0-1: Ball
1-1: Fly out, F8 (Line Drive, 8RM, EV 95.6 MPH)
Top of the 2nd over - 0 runs, 1 hit, 0 errors, 1 left on base; Levittown 1 - Laredo 0
BOTTOM OF THE 2ND
Laredo Hawks batting - Pitching for Levittown Blue Dragons : RHP César Cruz
Batting: RHB Neung-uk Yi 0-0: Swinging Strike
0-1: Called Strike
0-2: Ball
1-2: Ball
2-2: Ball
3-2: Base on Balls
Batting: LHB Scott Beavis 0-0: Ball
Neung-uk Yi is caught stealing 2nd base 2-6
1-0: Foul Ball, location: 2F
1-1: Ground out 4-3 (Groundball, 4, EV 78.1 MPH)
Batting: RHB Steve Turner 0-0: Swinging Strike
0-1: Ground out 5-3 (Groundball, 56S, EV 66.2 MPH)
Bottom of the 2nd over - 0 runs, 0 hits, 0 errors, 0 left on base; Levittown 1 - Laredo 0
TOP OF THE 3RD
Levittown Blue Dragons batting - Pitching for Laredo Hawks : RHP Dan Carter
Batting: SHB Luis Miguel Garza 0-0: Swinging Strike
0-1: Foul Ball, location: 2F
0-2: Ground out 4-3 (Groundball, 4S, EV 78.8 MPH)
Batting: RHB An-yi Zhou 0-0: Called Strike
0-1: Ball
1-1: Called Strike
1-2: SINGLE (Flyball, 9LM, EV 95.0 MPH)
Batting: LHB Ernesto Valenzuela 0-0: Fly out, F9 (Flyball, 9LM, EV 94.4 MPH)
Batting: LHB Josh Hall 0-0: Ground out 6-3 (Groundball, 4M, EV 84.4 MPH)
Top of the 3rd over - 0 runs, 1 hit, 0 errors, 1 left on base; Levittown 1 - Laredo 0
BOTTOM OF THE 3RD
Laredo Hawks batting - Pitching for Levittown Blue Dragons : RHP César Cruz
Batting: LHB João Lourenço 0-0: Ball
1-0: Swinging Strike
1-1: Ball
2-1: Foul Ball, location: 2F
2-2: DOUBLE (Groundball, 3L, EV 104.4 MPH)
Batting: LHB George McLean 0-0: Fly out, F5 (Line Drive, 5, EV 76.2 MPH)
Batting: RHB Geoff Sullivan 0-0: Ball
1-0: Called Strike
1-1: Ground out 6-3 (Groundball, 56, EV 79.4 MPH)
Batting: RHB Victor Jensen 0-0: SINGLE (Line Drive, 9S, EV 100.0 MPH)
João Lourenço to third
Runner from 3rd tries for Home, SAFE, throw by RF to home
Victor Jensen to second
Batting: RHB António Orozco 0-0: Called Strike
0-1: Ball
1-1: Ball
2-1: Foul Ball, location: 2F
2-2: Fly out, F8 (Flyball, 8RS, EV 82.5 MPH)
Bottom of the 3rd over - 1 run, 2 hits, 0 errors, 1 left on base; Levittown 1 - Laredo 1
TOP OF THE 4TH
Levittown Blue Dragons batting - Pitching for Laredo Hawks : RHP Dan Carter
Batting: LHB Rafael Soto 0-0: Called Strike
0-1: Ball
1-1: Foul Ball, location: 2F
1-2: Fly out, F7 (Flyball, 7S, EV 91.9 MPH)
Batting: RHB Aaron Attyte 0-0: Fly out, F8 (Flyball, 8RXD, EV 103.1 MPH)
Batting: LHB Norm Williams 0-0: Called Strike
0-1: Foul Ball, location: 2F
0-2: Foul Ball, location: 2F
0-2: Strikes out looking
Top of the 4th over - 0 runs, 0 hits, 0 errors, 0 left on base; Levittown 1 - Laredo 1
BOTTOM OF THE 4TH
Laredo Hawks batting - Pitching for Levittown Blue Dragons : RHP César Cruz
Batting: RHB Woody Maxwell 0-0: Called Strike
0-1: Foul Ball, location: 2F
0-2: Ball
1-2: Ball
2-2: SOLO HOME RUN (Flyball, 78XD, EV 112.5 MPH), Distance : 404 ft
Batting: RHB Neung-uk Yi 0-0: Foul Ball, location: 2F
0-1: Foul Ball, location: 2F
0-2: Ball
1-2: Strikes out swinging
Batting: LHB Scott Beavis 0-0: Fly out, F8 (Flyball, 8RD, EV 99.4 MPH)
Batting: RHB Steve Turner 0-0: Ball
1-0: Fly out, F7 (Flyball, 78XD, EV 96.2 MPH)
Bottom of the 4th over - 1 run, 1 hit, 0 errors, 0 left on base; Levittown 1 - Laredo 2
TOP OF THE 5TH
Levittown Blue Dragons batting - Pitching for Laredo Hawks : RHP Dan Carter
Batting: RHB Abednego Ashpenaz 0-0: Ground out 6-3 (Groundball, 6, EV 96.2 MPH)
Batting: SHB Daniel Washington 0-0: Foul Ball, location: 2F
0-1: Foul Ball, location: 2F
0-2: Strikes out swinging
Batting: SHB Luis Miguel Garza 0-0: Ball
1-0: Ball
2-0: Ball
3-0: Called Strike
3-1: Called Strike
3-2: Reached on error, E6 (Groundball, 6, EV 86.2 MPH)
Batting: RHB An-yi Zhou 0-0: Swinging Strike
0-1: Ball
1-1: Swinging Strike
1-2: Foul Ball, location: 2F
1-2: Ground out 4-3 (Groundball, 4, EV 84.4 MPH)
Top of the 5th over - 0 runs, 0 hits, 1 error, 1 left on base; Levittown 1 - Laredo 2
BOTTOM OF THE 5TH
Laredo Hawks batting - Pitching for Levittown Blue Dragons : RHP César Cruz
Batting: LHB João Lourenço 0-0: Ball
1-0: Ball
2-0: Ball
3-0: Base on Balls
Batting: LHB George McLean 0-0: Sac Bunt to 25 - play at first, batter safe!
João Lourenço to second
Batting: RHB Geoff Sullivan 0-0: Ball
1-0: Foul Ball, location: 2F
1-1: Fielders Choice at 2nd, 3-6 (Groundball, 34, EV 101.9 MPH)
João Lourenço to third
Batting: RHB Victor Jensen 0-0: Ball
Geoff Sullivan is caught stealing 2nd base 2-4
1-0: Ground out 6-3 (Groundball, 56, EV 86.9 MPH)
Bottom of the 5th over - 0 runs, 1 hit, 0 errors, 1 left on base; Levittown 1 - Laredo 2
TOP OF THE 6TH
Levittown Blue Dragons batting - Pitching for Laredo Hawks : RHP Dan Carter
Batting: LHB Ernesto Valenzuela 0-0: Ball
1-0: Reached on error, E1 (Groundball, 15S, EV 65.0 MPH)
Batting: LHB Josh Hall 0-0: Ball
1-0: Called Strike
1-1: Ball
2-1: Ball
3-1: Called Strike
3-2: Foul Ball, location: 2F
3-2: Strikes out swinging
Batting: LHB Rafael Soto 0-0: Ball
1-0: Swinging Strike
1-1: Foul Ball, location: 2F
1-2: Fly out, F7 (Flyball, 78D, EV 102.5 MPH)
Batting: RHB Aaron Attyte 0-0: Ball
1-0: Called Strike
Ernesto Valenzuela steals 2nd base
1-1: Ball
2-1: Ground out 5-3 (Groundball, 56, EV 95.6 MPH)
Top of the 6th over - 0 runs, 0 hits, 1 error, 1 left on base; Levittown 1 - Laredo 2
BOTTOM OF THE 6TH
Laredo Hawks batting - Pitching for Levittown Blue Dragons : RHP César Cruz
Batting: RHB António Orozco 0-0: Foul Ball, location: 2F
0-1: Ball
1-1: Called Strike
1-2: Ball
2-2: Foul Ball, location: 2F
2-2: Strikes out swinging
Batting: RHB Woody Maxwell 0-0: Called Strike
0-1: Ball
1-1: Foul Ball, location: 2F
1-2: Strikes out looking
Batting: RHB Neung-uk Yi 0-0: Ball
1-0: Ground out 5-3 (Groundball, 56, EV 97.5 MPH)
Bottom of the 6th over - 0 runs, 0 hits, 0 errors, 0 left on base; Levittown 1 - Laredo 2
TOP OF THE 7TH
Levittown Blue Dragons batting - Pitching for Laredo Hawks : RHP Dan Carter
Batting: LHB Norm Williams 0-0: Ball
1-0: Ball
2-0: Called Strike
2-1: Fly out, F8 (Flyball, 8RD, EV 95.0 MPH)
Pitching: RHP Domingo Jones
Batting: RHB Abednego Ashpenaz 0-0: Called Strike
0-1: Called Strike
0-2: Ball
1-2: Ground out 6-3 (Groundball, 6, EV 87.5 MPH)
Batting: SHB Daniel Washington 0-0: Ball
1-0: Reached on error, E3 (Groundball, 34, EV 82.5 MPH)
Batting: SHB Luis Miguel Garza 0-0: Foul Ball, location: 2F
0-1: Ball
1-1: Swinging Strike
1-2: Strikes out looking
Top of the 7th over - 0 runs, 0 hits, 1 error, 1 left on base; Levittown 1 - Laredo 2
BOTTOM OF THE 7TH
Laredo Hawks batting - Pitching for Levittown Blue Dragons : RHP César Cruz
Batting: LHB Scott Beavis 0-0: Called Strike
0-1: Ground out U3 (Groundball, 34, EV 88.8 MPH)
Batting: RHB Steve Turner 0-0: Ball
1-0: Fly out, F4 (Popup, 13, EV 78.1 MPH)
Batting: LHB João Lourenço 0-0: Called Strike
0-1: Ground out 4-3 (Groundball, 34D, EV 110.0 MPH)
Bottom of the 7th over - 0 runs, 0 hits, 0 errors, 0 left on base; Levittown 1 - Laredo 2
TOP OF THE 8TH
Levittown Blue Dragons batting - Pitching for Laredo Hawks : RHP Domingo Jones
Batting: RHB An-yi Zhou 0-0: Called Strike
0-1: Ball
1-1: Foul Ball, location: 2F
1-2: Strikes out swinging
Batting: LHB Ernesto Valenzuela 0-0: Ball
1-0: Foul Ball, location: 2F
1-1: Ground out 4-3 (Groundball, 4, EV 81.9 MPH)
Batting: LHB Josh Hall 0-0: Foul Ball, location: 2F
0-1: Ground out U3 (Groundball, 3S, EV 90.0 MPH)
Top of the 8th over - 0 runs, 0 hits, 0 errors, 0 left on base; Levittown 1 - Laredo 2
BOTTOM OF THE 8TH
Laredo Hawks batting - Pitching for Levittown Blue Dragons : RHP César Cruz
Batting: LHB George McLean 0-0: Called Strike
0-1: Ball
1-1: Ball
2-1: SINGLE (Line Drive, 89S, EV 101.2 MPH)
Batting: RHB Geoff Sullivan 0-0: Ball
1-0: Foul Ball, location: 2F
1-1: Fielders Choice at 2nd, 4-6 (Groundball, 4, EV 106.9 MPH)
Batting: RHB Victor Jensen 0-0: Ball
1-0: Called Strike
1-1: Foul Ball, location: 2F
1-2: Fly out, F8 (Flyball, 8LM, EV 92.5 MPH)
Batting: RHB António Orozco 0-0: Called Strike
0-1: Foul Ball, location: 2F
0-2: Foul Ball, location: 2F
0-2: Ball
1-2: Ball
2-2: SINGLE (Groundball, 34D, EV 98.1 MPH)
Geoff Sullivan to second
Runner from 2nd tries for 3rd, SAFE, throw by RF made to third
Batting: RHB Woody Maxwell 0-0: Called Strike
0-1: Called Strike
0-2: Ball
1-2: Ball
2-2: Ball
3-2: Strikes out looking
Bottom of the 8th over - 0 runs, 2 hits, 0 errors, 2 left on base; Levittown 1 - Laredo 2
TOP OF THE 9TH
Levittown Blue Dragons batting - Pitching for Laredo Hawks : RHP Domingo Jones
Batting: LHB Rafael Soto 0-0: Called Strike
0-1: Foul Ball, location: 2F
0-2: Ball
1-2: Ball
2-2: Foul Ball, location: 2F
2-2: Ball
3-2: Foul Ball, location: 2F
3-2: Ground out 6-3 (Groundball, 6, EV 81.2 MPH)
Batting: RHB Aaron Attyte 0-0: Foul Ball, location: 2F
0-1: Foul Ball, location: 2F
0-2: Ball
1-2: SINGLE (Line Drive, 89S, EV 110.0 MPH)
Pitching: RHP Darrel Thomas
Batting: LHB Norm Williams 0-0: Fielders Choice at 2nd, 4-6 (Groundball, 34, EV 89.4 MPH)
Batting: RHB Abednego Ashpenaz 0-0: Ball
1-0: Ball
2-0: Ball
3-0: Called Strike
3-1: Foul Ball, location: 2F
3-2: Base on Balls
Norm Williams to second
Pinch Hitting: RHB Kent Luper 0-0: Ball
1-0: Swinging Strike
1-1: Foul Ball, location: 2F
1-2: Ground out 5-3 (Groundball, 56S, EV 80.6 MPH)
Top of the 9th over - 0 runs, 1 hit, 0 errors, 2 left on base; Levittown 1 - Laredo 2
Friday, March 26th, 2021 - OOTP Baseball 20.8 Build 74